AoeStats
← Zytrox22

Golden Pit

508362756Analyzed
1v1 RM · 11d ago on Sep 22, 2026· 56m 45s· 2 players
Game mode
Random Map
Map size
Tiny (2 player)
Population
200
Speed
Normal
Resources
Standard
Victory
Conquest
Starting age
Dark Age
Ending age
Imperial Age
RankedLock teamsTeams togetherTeam positionsShared explorationLock speedFull tech treeHidden civsTurbo modeCheats
Victory
Defeat
🇧🇪 Japanese · Belgium
470
+12
🇺🇸 Turks · United States
275
-8
LSUtigerbal7
0:33 Loom
11:19 Feudal Age
12:32 Horse Collar
14:00 Wheelbarrow
13:25 Double-Bit Axe
25:58 Castle Age
27:14 Hand Cart
27:44 Bow Saw
32:25 Fletching
32:41 Scale Barding Armor
32:47 Forging
32:52 Heavy Plow
39:22 Stone Mining
39:30 Gold Mining
Zytrox22
13:44 Feudal Age
14:17 Double-Bit Axe
14:14 Horse Collar
16:25 Gold Mining
16:27 Stone Mining
20:30 Forging
26:59 Castle Age
27:50 Heavy Plow
28:08 Bow Saw
28:37 Gold Shaft Mining
28:43 Iron Casting
59:17 Imperial Age
Connection lost

Rejoining the realm…

Still unreachable

The connection could not be restored.

Session expired

The server has moved on; the page needs a fresh start.